[Event "Titled Tuesday Blitz February 15 Late 2022"]
[White "Holt, Conrad"]
[Black "Grischuk, Alexander"]
[WhiteFideId "2034387"]
[BlackFideId "4126025"]
[WhiteElo "2586"]
[BlackElo "2762"]
[Result "0-1"]
[Round "04"]
[TimeControl "180+1"]
[Date "2022.02.15"]
[WhiteClock "0:00:04"]
[BlackClock "0:00:19"]

1. d4 e6 2. c4 b6 3. e4 Bb4+ 4. Bd2 Bxd2+ 5. Qxd2 d5 6. cxd5 exd5 7. exd5 Nf6 8. Bb5+ Bd7 9. Qe3+ Kf8 10. Bc4 b5 11. Bb3 Bc8 12. Ne2 Bb7 13. O-O Bxd5 14. Bxd5 Nxd5 15. Qb3 b4 16. a3 Nc6 17. Rc1 Qd6 18. Nd2 Re8 19. Qc4 Na5 20. Qb5 a6 21. Qxa5 Rxe2 22. Nc4 Qe6 23. axb4 g6 24. Qxa6 Qe4 25. Qc8+ Kg7 26. Qh3 Nf4 27. Qf3 Qxf3 28. gxf3 Rd8 29. Rd1 Rd5 30. Kf1 Rh5 0-1


[Site "https://www.chess.com"]

[Event "Titled Tuesday Blitz February 15 Late 2022"]
[White "Ibarra Jerez, Jose Carlos"]
[Black "Cori T., Deysi"]
[WhiteFideId "2226332"]
[BlackFideId "3801934"]
[WhiteElo "2626"]
[BlackElo "2350"]
[Result "1-0"]
[Round "04"]
[TimeControl "180+1"]
[Date "2022.02.15"]
[WhiteClock "0:01:20"]
[BlackClock "0:00:11"]

1. e4 e6 2. d4 d5 3. Nd2 Be7 4. e5 c5 5. c3 Nc6 6. Bd3 cxd4 7. cxd4 f5 8. Ndf3 Bb4+ 9. Kf1 Qb6 10. Ne2 Bd7 11. h4 Nh6 12. Bxh6 gxh6 13. Qc1 O-O-O 14. Qxh6 Rdg8 15. g3 Be7 16. Qd2 Be8 17. Nf4 Bf7 18. Rc1 Kb8 19. Be2 Bb4 20. Qe3 Bf8 21. Ng5 Nd8 22. Kg2 a6 23. Qc3 Be7 24. Qc8+ Ka7 25. Nxf7 Nxf7 26. Qxe6 Qxd4 27. Qxf7 Bc5 28. Rxc5 Qxc5 29. Qxd5 Qb6 30. Rc1 Rc8 31. Rxc8 Rxc8 32. e6 Rc5 33. Qd7 Re5 34. Bf3 Qxb2 35. e7 Qb5 36. Qd4+ Ka8 37. Nd5 1-0


[Site "https://www.chess.com"]

[Event "Titled Tuesday Blitz February 15 Late 2022"]
[White "Iljin, Timofey"]
[Black "Khater, Sherif"]
[WhiteFideId "14110180"]
[BlackFideId "2034280"]
[WhiteElo "2396"]
[BlackElo "2545"]
[Result "0-1"]
[Round "04"]
[TimeControl "180+1"]
[Date "2022.02.16"]
[WhiteClock "0:00:01"]
[BlackClock "0:01:54"]

1. d4 g6 2. e4 Bg7 3. c4 d6 4. Nc3 Nc6 5. d5 Nd4 6. Be2 Nxe2 7. Ngxe2 e6 8. O-O Ne7 9. Bg5 h6 10. Be3 O-O 11. Qd2 Kh7 12. f4 f5 13. Nd4 exd5 14. exd5 Bd7 15. Rfe1 Ng8 16. Bf2 Nf6 17. h3 Re8 18. Rxe8 Qxe8 19. Re1 Qf7 20. Ne6 Bxe6 21. dxe6 Qe7 22. Nd5 Nxd5 23. cxd5 c5 24. dxc6 bxc6 25. Qc2 c5 26. b3 a5 27. Qc4 Bf6 28. Qd5 Rd8 29. Rd1 Kg7 30. Bxc5 dxc5 31. Qf3 Rxd1+ 32. Qxd1 Qxe6 33. Qd2 Bd4+ 34. Kf1 Qe3 35. Qxe3 Bxe3 36. g3 Kf6 37. Ke2 Bd4 38. Kd3 g5 39. fxg5+ Kxg5 40. a3 Bf2 41. g4 fxg4 42. hxg4 Kxg4 43. Kc4 h5 44. Kb5 h4 45. Kxa5 h3 46. Kb5 h2 47. a4 h1=Q 48. b4 Qb7+ 49. Kc4 Qxb4+ 50. Kd5 c4 51. a5 c3 52. a6 c2 53. a7 c1=Q 54. a8=Q Qh1+ 55. Ke6 Qxa8 56. Kf7 Qc6 57. Kg8 Qbb7 58. Kf8 Qcc8# 0-1


[Site "https://www.chess.com"]

[Event "Titled Tuesday Blitz February 15 Late 2022"]
[White "Indjic, Aleksandar"]
[Black "Xiong, Jeffery"]
[WhiteFideId "911925"]
[BlackFideId "2047640"]
[WhiteElo "2616"]
[BlackElo "2727"]
[Result "0-1"]
[Round "04"]
[TimeControl "180+1"]
[Date "2022.02.15"]
[WhiteClock "0:00:10"]
[BlackClock "0:01:02"]

1. e4 c5 2. Nc3 Nc6 3. Bb5 Nd4 4. Nf3 e6 5. Bd3 Ne7 6. Nxd4 cxd4 7. O-O dxc3 8. dxc3 d5 9. Qe2 Bd7 10. exd5 Nxd5 11. f4 Be7 12. a3 O-O 13. c4 Nf6 14. Kh1 Bc6 15. b4 b6 16. Bb2 Re8 17. Rae1 h6 18. h3 Nd7 19. Kh2 Bf6 20. Be5 Qe7 21. Qh5 a5 22. Re3 axb4 23. axb4 Qxb4 24. Rg3 Kf8 25. c3 Qc5 26. Re1 Ra5 27. Qg4 Nxe5 28. fxe5 Bxe5 0-1


[Site "https://www.chess.com"]

[Event "Titled Tuesday Blitz February 15 Late 2022"]
[White "Iskusnyh, Sergei"]
[Black "Martinez Alcantara, Jose Eduardo"]
[WhiteFideId "4120027"]
[BlackFideId "3805662"]
[WhiteElo "2492"]
[BlackElo "2690"]
[Result "1/2-1/2"]
[Round "04"]
[TimeControl "180+1"]
[Date "2022.02.15"]
[WhiteClock "0:00:09"]
[BlackClock "0:00:39"]

1. d4 Nf6 2. c4 e6 3. g3 Bb4+ 4. Bd2 Qe7 5. Bg2 Bxd2+ 6. Qxd2 d6 7. Nc3 O-O 8. e3 e5 9. Nge2 c6 10. h3 Be6 11. b3 h5 12. O-O e4 13. Nf4 d5 14. Rac1 Qd7 15. Na4 b6 16. Nc3 Bf5 17. Qe2 g6 18. cxd5 cxd5 19. Qb5 Rd8 20. Qxd7 Rxd7 21. f3 Na6 22. Ncxd5 Nxd5 23. Nxd5 exf3 24. Bxf3 Kg7 25. g4 hxg4 26. hxg4 Be6 27. Nf6 Rdd8 28. Bxa8 Rxa8 29. g5 Nb4 30. Rc7 Rh8 31. Rf2 Rh3 32. Rh2 Rg3+ 33. Kf2 Rxg5 34. Ne4 Rf5+ 35. Ke1 Nd5 36. Rxa7 Nxe3 37. Nd6 Rf4 38. Ne8+ Kg8 39. Nc7 Bg4 40. Ra8+ Kg7 41. Ne8+ Kg8 42. Nf6+ Kg7 43. Ne8+ Kg8 44. Nf6+ Kg7 45. Ne8+ 1/2-1/2


[Site "https://www.chess.com"]

[Event "Titled Tuesday Blitz February 15 Late 2022"]
[White "Jacobson, Aaron"]
[Black "Lenderman, Aleksandr"]
[WhiteFideId "2089912"]
[BlackFideId "2021285"]
[WhiteElo "2265"]
[BlackElo "2651"]
[Result "0-1"]
[Round "04"]
[TimeControl "180+1"]
[Date "2022.02.15"]
[WhiteClock "0:00:12"]
[BlackClock "0:01:15"]

1. e4 d6 2. d4 Nf6 3. Nc3 e5 4. Nf3 Nbd7 5. Bc4 Be7 6. O-O O-O 7. Re1 c6 8. a4 a5 9. h3 Nb6 10. Bb3 Nfd7 11. dxe5 dxe5 12. Be3 Qc7 13. Nd2 Nc5 14. Qe2 Nxb3 15. Nxb3 Be6 16. Nc5 Bc4 17. Qf3 Nd7 18. Nxd7 Qxd7 19. Red1 Qc7 20. b3 Be6 21. Ne2 Rad8 22. Ng3 g6 23. Bh6 Rxd1+ 24. Rxd1 Rd8 25. Rxd8+ Qxd8 26. Nf5 Bg5 27. Bxg5 Qxg5 28. Ne3 Kf8 29. Qd1 Bxh3 30. Qd6+ Kg7 31. Qc7 Be6 32. Qxb7 h5 33. Qxc6 h4 34. Qd6 Qf4 35. Qd3 g5 36. Nd5 Qc1+ 37. Kh2 g4 38. Qe3 Qxe3 39. Nxe3 Kf6 40. Nc4 Bxc4 41. bxc4 Ke6 42. f3 gxf3 43. gxf3 Kd6 44. Kh3 Kc5 45. Kxh4 Kxc4 46. Kg5 Kb4 47. Kf6 Kxa4 48. Kxe5 Kb4 49. Kf6 a4 50. Kxf7 a3 51. e5 a2 52. e6 a1=Q 53. e7 Qa7 54. f4 Qd7 55. Kf8 Qf5+ 56. Kg7 Qe6 57. Kf8 Qf6+ 58. Kg8 Qxe7 0-1


[Site "https://www.chess.com"]

[Event "Titled Tuesday Blitz February 15 Late 2022"]
[White "Jaferian, Koosha"]
[Black "Timofeev, Artyom"]
[WhiteFideId "12507440"]
[BlackFideId "4140419"]
[WhiteElo "2027"]
[BlackElo "2583"]
[Result "0-1"]
[Round "04"]
[TimeControl "180+1"]
[Date "2022.02.15"]
[WhiteClock "0:00:32"]
[BlackClock "0:00:46"]

1. e4 c5 2. Nc3 d6 3. f4 Nc6 4. Nf3 g6 5. Bc4 Bg7 6. O-O e6 7. d4 cxd4 8. Nb5 Nge7 9. Bb3 O-O 10. Nbxd4 a6 11. c3 b5 12. Bc2 Bb7 13. Be3 Rc8 14. Qe1 Nxd4 15. Nxd4 e5 16. Nf3 exf4 17. Bxf4 Qb6+ 18. Kh1 b4 19. Be3 Qc7 20. Bd4 bxc3 21. bxc3 Bxd4 22. Nxd4 Qxc3 23. Qxc3 Rxc3 24. Bb3 Bxe4 25. Rae1 d5 26. Rf2 Nc6 27. Nxc6 Rxc6 28. Rd2 Rc5 29. Red1 Rd8 30. Rd4 f5 31. Kg1 Kg7 32. Ra4 a5 33. Rad4 Kf6 34. Kf2 Ke5 35. g3 g5 36. R4d2 Rf8 37. Re1 h5 38. Ke2 Rfc8 39. Red1 h4 40. gxh4 gxh4 41. Rg1 Rc1 42. Rg7 Rh1 43. Re7+ Kf4 44. Rh7 Rxh2+ 45. Kd1 Bf3+ 46. Ke1 Re8+ 47. Kf1 Rxd2 0-1


[Site "https://www.chess.com"]

[Event "Titled Tuesday Blitz February 15 Late 2022"]
[White "Jakubowski, Krzysztof"]
[Black "Svane, Rasmus"]
[WhiteFideId "1112848"]
[BlackFideId "4657101"]
[WhiteElo "2365"]
[BlackElo "2645"]
[Result "0-1"]
[Round "04"]
[TimeControl "180+1"]
[Date "2022.02.15"]
[WhiteClock "0:00:13"]
[BlackClock "0:00:09"]

1. e4 c6 2. Nf3 d5 3. d3 Bg4 4. h3 Bh5 5. Qe2 e6 6. g4 Bg6 7. h4 h6 8. Ne5 Bh7 9. g5 Nd7 10. Bf4 dxe4 11. dxe4 Qa5+ 12. Qd2 Bb4 13. c3 Nxe5 14. cxb4 Nf3+ 15. Ke2 Nxd2 16. bxa5 Nxf1 17. gxh6 Nxh6 18. Bxh6 gxh6 19. Rxf1 Bxe4 20. Nc3 Bd5 21. Rg1 Ke7 22. Rg3 Bc4+ 23. Kd2 Rad8+ 24. Kc2 Rhg8 25. Rag1 Bd3+ 26. Kb3 Rxg3 27. Rxg3 Bf5 28. h5 Rd2 29. Rg8 b6 30. Ra8 Rd7 31. axb6 axb6 32. Na4 Rd3+ 33. Kb4 b5 34. Nc5 Rd2 35. b3 Rxf2 36. Ra7+ Kf6 37. a4 bxa4 38. bxa4 Rf4+ 39. Kc3 Rf3+ 40. Kb4 Rf4+ 41. Kc3 Bg4 42. a5 Bxh5 43. Nd3 Ra4 44. Kb3 Ra1 45. Kb2 Rd1 46. Nf4 Bg4 47. a6 Rd4 48. Ng2 Rd2+ 49. Kb3 Rxg2 50. Rd7 Bf3 51. Rd3 Bd5+ 52. Rxd5 cxd5 53. a7 Rg8 0-1


[Site "https://www.chess.com"]

[Event "Titled Tuesday Blitz February 15 Late 2022"]
[White "Jaracz, Pawel"]
[Black "Karttunen, Mika"]
[WhiteFideId "1102222"]
[BlackFideId "502081"]
[WhiteElo "2779"]
[BlackElo "2569"]
[Result "1-0"]
[Round "04"]
[TimeControl "180+1"]
[Date "2022.02.16"]
[WhiteClock "0:01:06"]
[BlackClock "0:00:07"]

1. d4 Nf6 2. c4 e6 3. Nc3 d5 4. Nf3 Bb4 5. Qa4+ Nc6 6. cxd5 Nxd5 7. Bd2 O-O 8. e3 Nb6 9. Qc2 Be7 10. a3 Nd5 11. Bd3 h6 12. O-O Nxc3 13. Bxc3 Bd6 14. e4 Re8 15. e5 Bf8 16. Qe2 Ne7 17. Qe4 g6 18. h4 h5 19. Ng5 Nf5 20. Qf3 Be7 21. Qf4 Rf8 22. Rad1 Nxh4 23. Ne4 Nf5 24. Nf6+ Kg7 25. d5 Bxf6 26. exf6+ Kh7 27. dxe6 Bxe6 28. Bxf5 Qc8 29. Bd2 1-0


[Site "https://www.chess.com"]

[Event "Titled Tuesday Blitz February 15 Late 2022"]
[White "Jarocka, Liwia"]
[Black "Pinheiro, Iung Alicio de O."]
[WhiteFideId "21807558"]
[BlackFideId "2104350"]
[WhiteElo "1896"]
[BlackElo "2628"]
[Result "0-1"]
[Round "04"]
[TimeControl "180+1"]
[Date "2022.02.16"]
[WhiteClock "0:00:23"]
[BlackClock "0:00:28"]

1. c4 c5 2. Nf3 g6 3. Nc3 Bg7 4. d4 cxd4 5. Nxd4 Nc6 6. Nc2 Nf6 7. e4 d6 8. Be2 Nd7 9. O-O O-O 10. Be3 Nc5 11. f3 a5 12. Rc1 Nb4 13. a3 Nxc2 14. Qxc2 a4 15. Rcd1 Bd7 16. Kh1 Re8 17. f4 Qa5 18. Nd5 Bc6 19. Bf3 Bxd5 20. cxd5 Rac8 21. Qd2 Qb5 22. Bxc5 Rxc5 23. Qf2 Rec8 24. Qe2 Qxb2 25. Qxb2 Bxb2 26. h3 Bxa3 27. Ra1 Rc3 28. Rfb1 R8c7 29. Kh2 Bc1 30. Rxa4 Bxf4+ 31. g3 Rc2+ 32. Bg2 Be5 33. Rab4 R7c3 0-1


[Site "https://www.chess.com"]

[Event "Titled Tuesday Blitz February 15 Late 2022"]
[White "Jobava, Baadur"]
[Black "Svane, Frederik"]
[WhiteFideId "13601520"]
[BlackFideId "12923044"]
[WhiteElo "2617"]
[BlackElo "2459"]
[Result "0-1"]
[Round "04"]
[TimeControl "180+1"]
[Date "2022.02.15"]
[WhiteClock "0:00:01"]
[BlackClock "0:00:35"]

1. d4 Nf6 2. Nc3 d5 3. Bf4 g6 4. Qd2 Bg7 5. Bh6 O-O 6. Bxg7 Kxg7 7. e3 c5 8. dxc5 Qa5 9. Nf3 Qxc5 10. Rd1 Nc6 11. Be2 Rd8 12. O-O Ne4 13. Qe1 Nxc3 14. Qxc3+ Qxc3 15. bxc3 Bf5 16. Bd3 Bg4 17. Rb1 Bxf3 18. gxf3 b6 19. Ba6 Na5 20. Rfd1 Rd6 21. Kf1 Rad8 22. Ke2 R8d7 23. Rd3 Rc7 24. Rb5 Rc5 25. a4 Kh6 26. Rb4 Rdc6 27. Kd2 Rc7 28. Rh4+ Kg7 29. e4 Nc4+ 30. Bxc4 Rxc4 31. Rxd5 Rxc3 32. Ke2 Rxc2+ 33. Kf1 Ra2 34. Kg2 Rxa4 35. Rf4 Rac4 36. h4 h5 37. Kg3 Rb7 38. e5 Rxf4 39. Kxf4 e6 40. Rd6 b5 41. Ke3 b4 42. Kd2 b3 43. Kc1 b2+ 44. Kb1 Rb3 45. f4 Rb4 46. f5 gxf5 47. f3 a5 48. Rd2 f4 49. Rd7 a4 50. Ra7 Kg6 0-1


[Site "https://www.chess.com"]

[Event "Titled Tuesday Blitz February 15 Late 2022"]
[White "Kaasen, Tor Fredrik"]
[Black "Al-Tarboush, Ward"]
[WhiteFideId "1516647"]
[BlackFideId "7601450"]
[WhiteElo "2730"]
[BlackElo "2565"]
[Result "0-1"]
[Round "04"]
[TimeControl "180+1"]
[Date "2022.02.16"]
[WhiteClock "0:00:02"]
[BlackClock "0:00:01"]

1. e4 e6 2. d4 d5 3. Nc3 Nf6 4. e5 Nfd7 5. f4 c5 6. Nf3 Nc6 7. Be3 a6 8. a3 b5 9. Bd3 Qb6 10. O-O cxd4 11. Bf2 Bc5 12. Ne2 b4 13. axb4 Qxb4 14. Kh1 a5 15. b3 Qb6 16. Ra4 Nb4 17. Nexd4 Nxd3 18. cxd3 g6 19. b4 Bxb4 20. Nf5 Qc7 21. Rxb4 gxf5 22. Rb1 Ba6 23. Ng5 Nf8 24. Qh5 h6 25. Rfc1 Qd7 26. Bb6 Ng6 27. Nf3 Bxd3 28. Rc7 Bxb1 29. Rxd7 Kxd7 30. Nd2 Be4 31. Qe2 Rhc8 32. Qb5+ Rc6 33. Nb3 Rc8 34. Nxa5 Nxf4 35. Nxc6 Rxc6 36. Qa4 d4 37. Qxd4+ Nd5 38. Bc5 Ra6 39. h3 Ra2 40. Qc4 Rb2 41. Qa4+ Kd8 42. Bd6 Rb1+ 43. Kh2 Ne3 44. Qa8+ Bxa8 0-1


[Site "https://www.chess.com"]

[Event "Titled Tuesday Blitz February 15 Late 2022"]
[White "Kalajzic, Ivan"]
[Black "Suder, Jakub"]
[WhiteFideId "14506378"]
[BlackFideId "1195310"]
[WhiteElo "2163"]
[BlackElo "2058"]
[Result "0-1"]
[Round "04"]
[TimeControl "180+1"]
[Date "2022.02.16"]
[WhiteClock "0:00:18"]
[BlackClock "0:01:10"]

1. b3 e5 2. Bb2 d6 3. e3 Nd7 4. d4 Ngf6 5. Nf3 Qe7 6. c4 g6 7. Nc3 Bg7 8. dxe5 Nxe5 9. Nxe5 dxe5 10. Be2 O-O 11. O-O c6 12. Qc2 Bf5 13. e4 Be6 14. Rfd1 Rfd8 15. Rxd8+ Rxd8 16. Rd1 Ne8 17. Rxd8 Qxd8 18. Qd1 Qe7 19. Nb1 Bc8 20. Ba3 Qc7 21. Bg4 Bf8 22. Bxc8 Qxc8 23. Bxf8 Kxf8 24. c5 Ke7 25. b4 Ng7 26. Qd6+ Ke8 27. Nd2 Ne6 28. Qxe5 Qd7 29. Qd6 Qxd6 30. cxd6 Kd7 31. e5 f6 32. exf6 Kxd6 33. Nc4+ Kd5 34. Na5 b6 35. Nb7 Nf8 36. f7 Ke6 37. Nd8+ Kd7 38. Nb7 Kc7 39. Nc5 bxc5 40. bxc5 Kd7 41. Kf1 Ke6 42. Ke2 Kd5 43. Kd3 Kxc5 44. Ke4 Kd6 45. f4 Ke7 46. Kd4 Nd7 47. g4 Kxf7 48. h4 Ke6 49. a4 Kd6 50. a5 a6 51. Ke4 c5 52. f5 Nf6+ 53. Kf4 Nd5+ 54. Kg5 gxf5 55. Kxf5 c4 56. g5 c3 57. h5 c2 58. g6 hxg6+ 59. hxg6 c1=Q 60. g7 Qf4+ 61. Kg6 Qg4+ 62. Kh7 Nf6+ 63. Kh8 Qh5# 0-1


[Site "https://www.chess.com"]

[Event "Titled Tuesday Blitz February 15 Late 2022"]
[White "Kavyev, Ruslan"]
[Black "Krstulovic, Alex"]
[WhiteFideId "34110981"]
[BlackFideId "760056"]
[WhiteElo "2753"]
[BlackElo "2569"]
[Result "1-0"]
[Round "04"]
[TimeControl "180+1"]
[Date "2022.02.16"]
[WhiteClock "0:01:21"]
[BlackClock "0:00:05"]

1. d4 Nf6 2. c4 e6 3. g3 d5 4. Nf3 dxc4 5. Bg2 c6 6. O-O b5 7. Ne5 Bb7 8. b3 cxb3 9. axb3 Be7 10. Nc3 Qc8 11. Qc2 a6 12. Bg5 Nbd7 13. Nxd7 Qxd7 14. Bxf6 Bxf6 15. Ne4 Be7 16. Nc5 Bxc5 17. Qxc5 f6 18. Rfc1 Rc8 19. e3 Kf7 20. Qb6 Rhd8 21. Rc5 Qc7 22. Qxc7+ Rxc7 23. b4 Ra8 24. Ra5 Ke7 25. f4 Rg8 26. h4 h6 27. h5 Kd6 28. Ra1 Ra8 29. Ra5 Re8 30. Ra1 Rec8 31. Kf2 Re8 32. Be4 Ra8 33. Kf3 Re8 34. g4 Rec8 35. g5 Ke7 36. gxh6 gxh6 37. Rg1 Rh8 38. Rg7+ Kd6 39. Rg6 Rf7 40. f5 Re8 41. Rxh6 Rg8 42. Rg6 Rfg7 43. h6 Rxg6 44. fxg6 f5 45. g7 fxe4+ 46. Kxe4 e5 47. h7 1-0


[Site "https://www.chess.com"]

[Event "Titled Tuesday Blitz February 15 Late 2022"]
[White "Klukin, Kirill"]
[Black "Sviridov, Valery"]
[WhiteFideId "24199273"]
[BlackFideId "4120680"]
[WhiteElo "2324"]
[BlackElo "2454"]
[Result "1-0"]
[Round "04"]
[TimeControl "180+1"]
[Date "2022.02.15"]
[WhiteClock "0:00:08"]
[BlackClock "0:00:03"]

1. d4 g6 2. Nf3 Bg7 3. e3 d6 4. Be2 Nf6 5. O-O O-O 6. c4 Nbd7 7. Nc3 e5 8. Qc2 Re8 9. b4 exd4 10. Nxd4 a5 11. b5 Nc5 12. Bb2 Qe7 13. Bf3 h5 14. h3 Bd7 15. Rad1 Rab8 16. Nde2 Be6 17. Nb1 Bf5 18. Qd2 b6 19. Bxf6 Bxf6 20. Nbc3 Bd3 21. Nd5 Qd8 22. Rc1 Bg7 23. Rfd1 Bxe2 24. Qxe2 Rc8 25. Qc2 Qg5 26. Nf4 Be5 27. Bc6 Rf8 28. Nd5 Qd8 29. f4 Bg7 30. Rf1 f5 31. g4 Qh4 32. Qg2 Kh7 33. g5 Ne4 34. Ne7 Rce8 35. Bxe8 Rxe8 36. Nd5 Nc5 37. Rfd1 Re4 38. Qf3 Ne6 39. Kg2 Kg8 40. Qg3 Qxg3+ 41. Kxg3 Kf7 42. Kf3 Bf8 43. Nf6 Nc5 44. Nxe4 fxe4+ 45. Ke2 Ke6 46. Rd5 Na4 47. Rd4 Nc5 48. Rcd1 Bg7 49. Rd5 Na4 50. Kf2 Nc3 51. R1d4 Bxd4 52. Rxd4 Kf5 53. a3 Nb1 54. Rd5+ Ke6 55. Rd4 Kf5 56. Rd5+ Ke6 57. Rd1 Nxa3 58. Rc1 d5 59. cxd5+ Kd7 60. f5 Nxb5 61. fxg6 Ke7 62. Rc4 Nd6 63. Rxc7+ Kf8 64. Rc6 1-0


[Site "https://www.chess.com"]

[Event "Titled Tuesday Blitz February 15 Late 2022"]
[White "Kobo, Ori"]
[Black "Loay, Sameer"]
[WhiteFideId "2812320"]
[BlackFideId "8104239"]
[WhiteElo "2747"]
[BlackElo "2565"]
[Result "0-1"]
[Round "04"]
[TimeControl "180+1"]
[Date "2022.02.16"]
[WhiteClock "0:00:11"]
[BlackClock "0:01:26"]

1. d4 Nf6 2. c4 g6 3. Nc3 Bg7 4. Nf3 d6 5. g3 O-O 6. Bg2 c6 7. e4 Bg4 8. h3 Bxf3 9. Bxf3 Qa5 10. O-O Nfd7 11. h4 c5 12. d5 Bxc3 13. bxc3 Nb6 14. Bh6 Re8 15. Qe2 N8d7 16. h5 Ne5 17. Kg2 Qxc3 18. Rfc1 Qxf3+ 19. Qxf3 Nxf3 20. Kxf3 f6 21. hxg6 hxg6 22. Bd2 Nd7 23. Ke2 g5 24. f4 gxf4 25. gxf4 Kf7 26. Rh1 Rh8 27. a4 Nb6 28. Kd3 Rag8 29. Rxh8 Rxh8 30. Rb1 Rh3+ 31. Be3 Nxc4 32. Kxc4 Rxe3 33. Rxb7 Rxe4+ 34. Kb3 a5 35. Ra7 Rxf4 36. Rxa5 Rf1 37. Ra8 f5 38. a5 f4 39. a6 Ra1 40. Kb2 Ra5 41. Kc2 Kf6 42. Kd3 Ke5 43. a7 Kxd5 44. Ke2 e5 45. Kf3 Ra3+ 46. Kg4 f3 47. Kg3 e4 48. Rd8 Rxa7 0-1


[Site "https://www.chess.com"]

[Event "Titled Tuesday Blitz February 15 Late 2022"]
[White "Koepke, Christian"]
[Black "Mladenovic, Stefan"]
[WhiteFideId "4655737"]
[BlackFideId "942227"]
[WhiteElo "2180"]
[BlackElo "2355"]
[Result "0-1"]
[Round "04"]
[TimeControl "180+1"]
[Date "2022.02.16"]
[WhiteClock "0:00:03"]
[BlackClock "0:00:05"]

1. e4 c5 2. f4 d5 3. Bb5+ Bd7 4. Bxd7+ Qxd7 5. d3 dxe4 6. dxe4 Qxd1+ 7. Kxd1 Nc6 8. Nf3 O-O-O+ 9. Nbd2 Nf6 10. Re1 h6 11. c3 Nd7 12. Kc2 Nb6 13. a4 e6 14. a5 Nd7 15. a6 b5 16. Nb3 Nb6 17. Be3 Na4 18. Nbd2 Be7 19. e5 Kc7 20. Ne4 c4 21. Nd4 Nxd4+ 22. Bxd4 Nb6 23. g3 Rd5 24. Ra5 Rhd8 25. Rf1 Kc6 26. f5 R8d7 27. fxe6 fxe6 28. Rf7 Bd8 29. Rxd7 Rxd7 30. Nc5 Re7 31. Nb7 Bc7 32. Nd6 Bxd6 33. exd6 Rd7 34. Be5 Nc8 35. Ra1 Nxd6 36. Rf1 Rf7 37. Rd1 Nf5 38. Rd8 Ne3+ 39. Kd2 Nd5 40. Bd4 Rd7 41. Rxd7 Kxd7 42. Bxa7 Nc7 43. Bd4 Nxa6 44. Bxg7 h5 45. h3 Nc5 46. g4 hxg4 47. hxg4 Na4 48. Kc2 Ke7 49. g5 Kf7 50. Bf6 Kg6 51. Be7 e5 52. b3 Nb6 53. bxc4 bxc4 54. Kd2 Nd5 55. Bd8 Kf5 56. Kc2 Nf4 57. Kd2 Ne6 58. Be7 Nxg5 59. Ke3 Nf7 60. Bb4 Nd8 61. Bd6 Ne6 62. Kf3 Nf4 63. Bb8 Nd5 64. Bd6 Nxc3 65. Ke3 Nd5+ 66. Kd2 Ke6 67. Bc5 Kf5 68. Ke2 e4 69. Bd4 Kf4 70. Kf2 e3+ 71. Ke2 Ke4 72. Bc5 Nf4+ 73. Kd1 Kd3 74. Bb4 e2+ 75. Kc1 c3 76. Bxc3 Kxc3 77. Kb1 e1=Q+ 0-1


[Site "https://www.chess.com"]

[Event "Titled Tuesday Blitz February 15 Late 2022"]
[White "Komissarov, Alexey"]
[Black "Gatterer, Florian"]
[WhiteFideId "4176545"]
[BlackFideId "811688"]
[WhiteElo "2216"]
[BlackElo "2218"]
[Result "0-1"]
[Round "04"]
[TimeControl "180+1"]
[Date "2022.02.16"]
[WhiteClock "0:00:03"]
[BlackClock "0:00:40"]

1. e4 e5 2. Nf3 Nc6 3. Nc3 Nf6 4. Rb1 Bc5 5. Nxe5 Nxe5 6. d4 Bb4 7. dxe5 Nxe4 8. Qd4 Nxc3 9. bxc3 Be7 10. Bd3 O-O 11. Qe4 g6 12. h4 d5 13. Qf4 f6 14. h5 g5 15. Qg3 fxe5 16. h6 e4 17. Be2 Bc5 18. Be3 Bxe3 19. fxe3 Be6 20. Rh5 Qf6 21. Rxg5+ Kh8 22. Kd2 Rg8 23. Rxg8+ Rxg8 24. Qxc7 Qxh6 25. Qe5+ Rg7 26. Rf1 Bg8 0-1


[Site "https://www.chess.com"]

[Event "Titled Tuesday Blitz February 15 Late 2022"]
[White "Kopczynski, Michal"]
[Black "Dovbnia, Nikita"]
[WhiteFideId "1124200"]
[BlackFideId "54104599"]
[WhiteElo "2235"]
[BlackElo "2111"]
[Result "0-1"]
[Round "04"]
[TimeControl "180+1"]
[Date "2022.02.16"]
[WhiteClock "0:00:18"]
[BlackClock "0:00:16"]

1. e4 c5 2. d4 cxd4 3. c3 dxc3 4. Nxc3 Nc6 5. f4 d6 6. Nf3 g6 7. Bc4 Bg7 8. O-O e6 9. Kh1 Nge7 10. Qe1 O-O 11. Be3 a6 12. Rd1 Qc7 13. Bb3 Bd7 14. Qh4 Rad8 15. Ng5 h6 16. Nf3 Kh7 17. Bc2 Bc8 18. Bb1 d5 19. f5 exf5 20. exd5 Nb4 21. Bf4 Qc5 22. d6 Ned5 23. Nxd5 Nxd5 24. Bg3 Be6 25. Ng5+ Kg8 26. Nxe6 fxe6 27. Rc1 Qe3 28. Rfe1 Qd4 29. Rxe6 Qxb2 30. Rce1 f4 31. Bf2 g5 32. Qh5 Qxf2 33. Qg6 Nf6 34. Re7 Qxe1+ 35. Rxe1 Rxd6 36. h4 Rfd8 37. hxg5 Rd1 38. Rxd1 Rxd1+ 39. Kh2 Ng4+ 40. Kh3 Nf2+ 41. Kh4 Rh1# 0-1


[Site "https://www.chess.com"]

[Event "Titled Tuesday Blitz February 15 Late 2022"]
[White "Kosteniuk, Alexandra"]
[Black "Horak, Martin"]
[WhiteFideId "4128125"]
[BlackFideId "367095"]
[WhiteElo "2469"]
[BlackElo "1997"]
[Result "1-0"]
[Round "04"]
[TimeControl "180+1"]
[Date "2022.02.16"]
[WhiteClock "0:00:16"]
[BlackClock "0:00:02"]

1. Nf3 Nf6 2. g3 d5 3. Bg2 Nc6 4. d4 Bf5 5. O-O e6 6. a3 h6 7. c4 Be7 8. c5 O-O 9. Nc3 Ne4 10. Be3 Bf6 11. Qc1 Na5 12. Qd1 Nc4 13. Bc1 b6 14. c6 Qe8 15. Nxe4 Bxe4 16. b3 Nd6 17. Ne5 Bxg2 18. Kxg2 Bxe5 19. dxe5 Nf5 20. Qc2 Nd4 21. Qd3 Nxc6 22. f4 Ne7 23. Bb2 c5 24. g4 Qc6 25. Rf3 c4 26. bxc4 dxc4 27. Qd6 Qxd6 28. exd6 Nd5 29. e4 Nf6 30. e5 Nd5 31. Rd1 Rac8 32. Bc3 a5 33. a4 Rc5 34. Rd4 Rd8 35. h4 g6 36. Kf2 Kf8 37. Kg3 Ke8 38. h5 gxh5 39. gxh5 Kd7 40. Kh4 Rg8 41. Rd1 f5 42. exf6 Kxd6 43. Be5+ Kc6 44. f5 exf5 45. f7 Rf8 46. Rxf5 Ne3 47. Rf6+ Kb7 48. Bd6 Rxf7 49. Rxf7+ 1-0


[Site "https://www.chess.com"]

[Event "Titled Tuesday Blitz February 15 Late 2022"]
[White "Kostiukov, Alexandr"]
[Black "Jimenez Fernandez, Rebeca"]
[WhiteFideId "14108100"]
[BlackFideId "32070934"]
[WhiteElo "2202"]
[BlackElo "1853"]
[Result "1-0"]
[Round "04"]
[TimeControl "180+1"]
[Date "2022.02.16"]
[WhiteClock "0:00:58"]
[BlackClock "0:00:13"]

1. g3 g6 2. Bg2 Bg7 3. c4 Nf6 4. Nf3 O-O 5. O-O d6 6. d4 Nbd7 7. Nc3 c5 8. d5 a6 9. a4 Nb6 10. Qd3 Bd7 11. e4 Rb8 12. e5 Bf5 13. Qe2 Ng4 14. e6 fxe6 15. h3 Ne5 16. Nxe5 Bxe5 17. g4 exd5 18. gxf5 Rxf5 19. Nxd5 e6 20. Ne3 Rf7 21. Ng4 Bd4 22. Nh6+ Kg7 23. Nxf7 Kxf7 24. Be3 Be5 25. a5 Nd7 26. f4 Bf6 27. Rad1 Bh4 28. Rxd6 Qe7 29. Rfd1 Re8 30. Rxd7 1-0


[Site "https://www.chess.com"]

[Event "Titled Tuesday Blitz February 15 Late 2022"]
[White "Kozak, Adam"]
[Black "Goltseva, Ekaterina"]
[WhiteFideId "753246"]
[BlackFideId "24173770"]
[WhiteElo "2792"]
[BlackElo "2572"]
[Result "0-1"]
[Round "04"]
[TimeControl "180+1"]
[Date "2022.02.16"]
[WhiteClock "0:00:01"]
[BlackClock "0:01:35"]

1. e4 e5 2. Nf3 Nc6 3. Nc3 Nf6 4. h3 d5 5. Bb5 dxe4 6. Nxe5 Qd6 7. Nc4 Qe6 8. Ne3 Bd7 9. O-O O-O-O 10. d4 Nxd4 11. Bc4 Qe5 12. Ned5 Nxd5 13. Nxd5 Ne6 14. Be3 Bc6 15. f4 exf3 16. Qxf3 Bxd5 17. Bxd5 Rxd5 18. Qf2 Bd6 0-1


[Site "https://www.chess.com"]